Map: New Gettysburg LE

Players

Dear

  • Race: Protoss Protoss

viOLet - Winner!

  • Race: Zerg Zerg

Event: 2016 WCS Global Finals

VOD

https://youtu.be/HAi8MKCL2Qo

Description

Time

  • Played on: Oct. 28, 2016, 3:33 p.m.
  • Length: 8:26

All games in this series

Show
View Real Time Build Order
Export as new Build Order

Dear Protoss 

Build Orders: Nexus First 

Get SALT Encoding   

  12  0:00  Probe (Chrono Boost)  
  13  0:11  Probe (Chrono Boost)  
  14  0:19  Pylon  
  14  0:22  Probe (Chrono Boost)  
  15  0:37  Probe (Chrono Boost)  
  16  0:47  Probe (Chrono Boost)  
  17  0:58  Nexus  
  17  1:09  Gateway  
  17  1:11  Probe (Chrono Boost)  
  17  1:17  Assimilator  
  18  1:22  Probe (Chrono Boost)  
  18  1:25  Assimilator  
  20  1:32  Probe (Chrono Boost)  
  20  1:43  Probe (Chrono Boost)  
  21  1:47  Pylon  
  22  1:55  Probe (Chrono Boost)  
  22  1:59  Zealot  
  22  2:11  Probe (Chrono Boost)  
  22  2:20  Cybernetics Core  
  18  2:33  Zealot  
  19  2:50  Probe (Chrono Boost)  
  19  2:51  Probe (Chrono Boost)  
  20  3:03  Mothership Core (Chrono Boost)  
  21  3:05  Probe (Chrono Boost)  
  21  3:10  Warp Gate  
  21  3:16  Probe (Chrono Boost)  
  22  3:21  Probe (Chrono Boost)  
  23  3:28  Probe (Chrono Boost)  
  23  3:32  Probe (Chrono Boost)  
  25  3:35  Adept  
  25  3:38  Probe (Chrono Boost)  
  28  3:42  Probe (Chrono Boost)  
  29  3:49  Probe (Chrono Boost)  
  29  3:53  Probe (Chrono Boost)  
  29  3:54  Pylon  
  31  3:59  Probe (Chrono Boost)  
  32  4:03  Probe (Chrono Boost)  
  35  4:10  Probe (Chrono Boost)  
  35  4:14  Probe (Chrono Boost)  
  37  4:20  Probe (Chrono Boost)  
  38  4:25  Probe (Chrono Boost)  
  38  4:30  Gateway  
  38  4:31  Probe (Chrono Boost)  
  38  4:32  Sentry  
  38  4:35  Probe (Chrono Boost)  
  41  4:41  Probe (Chrono Boost)  
  41  4:45  Pylon  
  42  4:46  Probe (Chrono Boost)  
  42  4:52  Probe (Chrono Boost)  
  44  4:56  Probe (Chrono Boost)  
  45  5:01  Nexus  
  45  5:03  Probe (Chrono Boost)  
  46  5:08  Robotics Facility  
  46  5:11  Probe (Chrono Boost)  
  46  5:13  Probe (Chrono Boost)  
  48  5:17  Pylon  
  48  5:20  Sentry  
  50  5:22  Probe (Chrono Boost)  
  50  5:26  Probe (Chrono Boost)  
  50  5:28  Sentry  
  45  5:41  Probe x2 (Chrono Boost)  
  36  5:48  Sentry  
  37  5:52  Probe x2 (Chrono Boost)  
  37  5:55  Pylon  
  39  6:02  Probe x2 (Chrono Boost)  
  39  6:04  Sentry  
  42  6:13  Zealot, Probe x2 (Chrono Boost)  
  42  6:17  Probe (Chrono Boost)  
  47  6:23  Probe (Chrono Boost)  
  47  6:24  Probe (Chrono Boost)  
  49  6:27  Assimilator, Sentry  
  49  6:29  Assimilator  
  49  6:30  Probe (Chrono Boost)  
  49  6:31  Phoenix  
  52  6:34  Probe x2 (Chrono Boost)  
  54  6:40  Probe (Chrono Boost)  
  54  6:42  Warp Prism  
  54  6:45  Probe x2 (Chrono Boost)  
  59  6:51  Pylon, Probe (Chrono Boost)  
  60  6:55  Probe (Chrono Boost)  
  60  6:57  Probe (Chrono Boost)  
  63  7:01  Probe (Chrono Boost)  
  63  7:02  Twilight Council  
  63  7:08  Probe (Chrono Boost)  
  64  7:10  Probe (Chrono Boost)  
  64  7:12  Probe (Chrono Boost)  
  64  7:15  Observer  
  65  7:18  Pylon, Probe (Chrono Boost)  
  65  7:22  Probe (Chrono Boost)  
  68  7:23  Adept x2  
  68  7:27  Probe (Chrono Boost)  
  68  7:29  Probe (Chrono Boost)  
  74  7:33  Pylon  
  49  7:46  Stalker x2  
  49  7:47  Probe (Chrono Boost)  
  49  7:48  Probe x2 (Chrono Boost)  
  50  7:58  Probe (Chrono Boost)  
  51  7:59  Probe (Chrono Boost)  
  51  8:00  Probe (Chrono Boost)  
  51  8:04  Gateway  
  53  8:11  Adept  
  51  8:12  Zealot  
  51  8:15  Probe x2 (Chrono Boost)  
Show
View Real Time Build Order
Export as new Build Order

viOLet Zerg - Winner!

Build Orders: Pool First 

Get SALT Encoding   

  12  0:18  Spawning Pool  
  11  0:22  Drone  
  11  0:27  Drone  
  13  0:31  Drone  
  14  0:40  Overlord  
  14  1:04  Zergling x4  
  14  1:05  Queen  
  14  1:06  Zergling x2  
  19  1:17  Zergling x2  
  20  1:33  Hatchery  
  20  1:39  Drone  
  20  1:40  Drone  
  21  1:48  Overlord  
  21  2:06  Drone  
  22  2:10  Drone  
  22  2:13  Drone x2  
  22  2:14  Drone  
  26  2:17  Queen  
  28  2:24  Drone  
  29  2:37  Drone  
  29  2:38  Extractor  
  28  2:44  Drone  
  29  2:51  Drone x4  
  31  3:06  Overlord  
  31  3:10  Drone  
  32  3:14  Drone x2  
  32  3:15  Hatchery  
  32  3:19  Drone  
  33  3:27  Queen  
  33  3:32  Zergling x2  
  33  3:33  Zergling x6  
  39  3:39  Overlord  
  39  3:41  Drone  
  40  3:42  Drone  
  40  3:45  Metabolic Boost  
  41  3:50  Drone x2  
  43  3:57  Overlord  
  43  3:58  Drone  
  43  4:01  Drone  
  43  4:02  Drone  
  46  4:09  Zergling x6  
  49  4:14  Zergling x2  
  49  4:16  Zergling x2  
  51  4:19  Extractor  
  51  4:22  Zergling x6  
  51  4:23  Baneling Nest  
  52  4:30  Overlord  
  52  4:34  Drone x2  
  53  4:38  Drone x2  
  53  4:39  Drone  
  53  4:44  Overlord  
  53  4:45  Drone  
  55  4:49  Zergling x4  
  57  4:56  Zergling x6  
  57  4:57  Zergling x2  
  61  5:05  Zergling x6  
  64  5:08  Baneling x3  
  64  5:10  Baneling x7  
  64  5:11  Zergling x10  
  69  5:19  Overlord  
  69  5:20  Drone x3  
  72  5:21  Drone  
  72  5:25  Evolution Chamber  
  72  5:28  Drone x2  
  71  5:37  Drone x2  
  71  5:41  Drone  
  71  5:42  Drone  
  69  5:44  Drone  
  69  5:45  Drone x6  
  69  5:49  Drone x3  
  71  5:54  Zerg Melee Weapons Level 1  
  70  6:03  Overlord  
  70  6:06  Hatchery, Overlord  
  70  6:08  Overlord  
  70  6:10  Drone  
  68  6:12  Extractor, Zergling x4  
  68  6:14  Pneumatized Carapace  
  68  6:17  Zergling x6  
  71  6:22  Zergling x4  
  71  6:23  Zergling x6  
  76  6:27  Lair  
  76  6:29  Zergling x2  
  76  6:30  Zergling x4  
  79  6:38  Overlord x2  
  79  6:39  Zergling x2  
  80  6:40  Queen  
  80  6:45  Roach Warren  
  82  6:47  Zergling x2  
  82  6:48  Zergling x2  
  82  6:50  Zergling x2  
  82  6:51  Zergling x10  
  82  6:52  Baneling x2  
  89  6:57  Baneling x2  
  89  6:58  Baneling  
  89  7:00  Baneling, Zergling x6  
  92  7:07  Drone x3  
  93  7:17  Drone x10  
  97  7:30  Zergling x14  
  103  7:38  Zergling x4  
  103  7:41  Zergling x4  
  98  7:46  Zergling x2  
  98  7:47  Zergling x2  
  96  7:51  Spire  
  96  7:52  Extractor  
  96  7:53  Zergling x2  
  96  7:54  Zergling x14  
  96  7:57  Zergling x2  
  101  8:00  Baneling x6  
  101  8:03  Zergling x2  
  101  8:04  Zergling x2  
Tags
 
Add a new tag
Caveats
  • Supply blocks, unpowered buildings, or Contaminate may cause inaccurate times.
  • Supply counts are checked every 10 seconds.